 Dungeon Crawl Stone Soup version 0.17-a0-2127-g1cb09f6 (webtiles) character file.

329 Maka the Insei (level 6, 0/47 HPs)
             Began as a Draconian Transmuter on Oct 22, 2015.
             Was an Initiate of Okawaru.
             Slain by a kobold
             ... wielding a +2 short sword of venom
              (6 damage)
             ... on level 2 of the Dungeon.
             The game lasted 00:06:31 (2539 turns).

Maka the Insei (Draconian Transmuter)               Turns: 2539, Time: 00:06:31

Health: 0/47       AC:  7    Str: 13    XL:     6   Next: 25%
Magic:  9/9        EV: 12    Int: 13    God:    Okawaru [......]
Gold:   140        SH:  0    Dex: 13    Spells: 3 memorised, 3 levels left

rFire  . . .     SeeInvis .       - Unarmed
rCold  . . .     Clarity  .     (armour unavailable)
rNeg   . . .     SustAt   .     (no shield)
rPois  .         Gourm    .     (helmet restricted)
rElec  .         Spirit   .     m - +0 cloak
rCorr  .         Warding  .     (no gloves)
rMut   .         Stasis   .     (no boots)
MR     .....                    (no amulet)
Stlth  +.........               (no ring)
                                (no ring)

@: lethally poisoned (0 -> -7), appendage (expiring), very slightly
contaminated, hasted, very quick, not resistant to hostile enchantments, very
unstealthy
A: unfitting armour, horns 2, cold-blooded, AC +6
a: End Transformation, Renounce Religion


You were on level 2 of the Dungeon.
You worshipped Okawaru.
Okawaru was noncommittal.
You were not hungry.
You had grown temporary horns.
You visited 1 branch of the dungeon, and saw 3 of its levels.

You collected 140 gold pieces.

Inventory:

Missiles
 a - 55 arrows
 g - 23 arrows of frost
Armour
 m - a +0 cloak (worn)
Scrolls
 e - 2 scrolls of noise {unknown}
 h - 3 scrolls of enchant weapon {unknown}
 j - 3 scrolls of magic mapping {unknown}
 l - a scroll of identify
 o - 2 scrolls of remove curse {unknown}
 p - a scroll of amnesia {unknown}
 r - a scroll of enchant armour {unknown}
Potions
 d - 2 potions of flight
 f - 2 potions of lignification
 i - 2 potions of curing
Books
 b - a book of Changes

   Spells                             Type                      Level
   a - Beastly Appendage              Transmutation                1
   b - Sticks to Snakes               Transmutation                2
   c - Spider Form                    Transmutation/Poison         3
   d - Ice Form                       Ice/Transmutation            4
   e - Blade Hands                    Transmutation                5
Comestibles
 c - 3 bread rations
 n - 2 slices of pizza
 s - a meat ration


   Skills:
 - Level 1.1 Fighting
 - Level 2.0 Dodging
 + Level 7.0 Unarmed Combat
 - Level 2.0 Spellcasting
 - Level 2.0 Transmutations


You had 3 spell levels left.
You knew the following spells:

 Your Spells              Type           Power        Failure   Level  Hunger
a - Beastly Appendage     Trmt           #.....       12%         1    ##.....
b - Sticks to Snakes      Trmt           #.........   17%         2    ###....
c - Spider Form           Trmt/Pois      #.........   52%         3    ####...


Dungeon Overview and Level Annotations

Branches:
Dungeon (3/15)

Altars:
Elyvilon
Kikubaaqudgha
Okawaru

Annotations:
D:2 Ijyb


Innate Abilities, Weirdness & Mutations

Your plain brown scales are hard (AC +6).
Your body does not fit into most forms of armour.
You are cold-blooded and may be slowed by cold attacks.
You have a pair of horns on your head.


Message History

Drink which item? (? for menu, Esc to quit)
You feel yourself speed up.
Ijyb zaps a wand.
The puff of frost hits you! The kobold hits you but does no damage.
The orc barely misses you.
You are very lightly contaminated with residual magic.
You hit Ijyb. Your headbutt misses Ijyb. You tail-slap Ijyb.
Ijyb is moderately wounded.
Ijyb hits you with a dagger of venom.
You are poisoned.
You barely miss Ijyb. You headbutt Ijyb, but do no damage.
You tail-slap Ijyb, but do no damage.
Ijyb is moderately wounded.
You feel sick. The kobold barely misses you. The orc closely misses you.
You hit Ijyb.
Your tail-slap misses Ijyb.
Ijyb is moderately wounded.
You feel sick.
Ijyb zaps a wand.
The puff of frost hits you!
* * * LOW HITPOINT WARNING * * *
You barely miss Ijyb. You headbutt Ijyb.
Ijyb is heavily wounded.
The kobold hits you with a short sword of venom.
You die...

#####....>#
...##.....#######################
...##............................
...##.....#######################
...)(.(...# #.
...#(.....######################.
######......)....................
### ####.#########.....########.
..#######......g@o......#...# #.
...............K####...##...####.
....############# #........##...
.....######### #.#.##...#...#
.............### #.#.##...#...#
.....#######...#####.......##..##
....## #####...................
...## ####......................#
..### #....#######..#..##......##


You could see Ijyb, an orc and a kobold.

Vanquished Creatures
  Sigmund (D:3)
  Terence (D:3)
  Natasha (D:2)
  4 adders
  An ooze (D:3)
  4 worms
  2 orcs (D:3)
  2 ball pythons (D:2)
  3 goblins
  4 hobgoblins
  A quokka (D:3)
  14 bats
  7 giant geckos
  4 giant newts
  11 kobolds
  14 rats
74 creatures vanquished.

Notes
Turn   | Place    | Note
--------------------------------------------------------------
     0 | D:1      | Maka the Draconian Transmuter began the quest for the Orb.
     0 | D:1      | Reached XP level 1. HP: 16/16 MP: 3/3
   188 | D:1      | Reached XP level 2. HP: 23/23 MP: 5/5
   389 | D:1      | Reached skill level 4 in Unarmed Combat
   638 | D:2      | Reached XP level 3. HP: 13/28 MP: 4/6
   655 | D:2      | Learned a level 2 spell: Sticks to Snakes
   659 | D:2      | Learned a level 3 spell: Spider Form
   987 | D:2      | Found an ancient bone altar of Kikubaaqudgha.
  1054 | D:2      | Noticed Natasha
  1063 | D:2      | Killed Natasha
  1063 | D:2      | Reached skill level 5 in Unarmed Combat
  1063 | D:2      | Reached XP level 4. HP: 11/35 MP: 5/7
  1846 | D:3      | Noticed Sigmund
  1976 | D:3      | Killed Sigmund
  1976 | D:3      | Reached skill level 6 in Unarmed Combat
  1976 | D:3      | Reached XP level 5. HP: 40/40 MP: 4/8
  1987 | D:3      | Found a white marble altar of Elyvilon.
  2067 | D:3      | Reached XP level 6. HP: 45/47 MP: 7/9
  2158 | D:3      | Noticed Terence
  2171 | D:3      | Killed Terence
  2248 | D:3      | Reached skill level 7 in Unarmed Combat
  2441 | D:3      | Found an iron altar of Okawaru.
  2456 | D:3      | Became a worshipper of Warmaster Okawaru
  2522 | D:3      | Noticed Ijyb
  2539 | D:2      | Slain by a kobold

Vault maps used:
D:1:      evilmike_arrival_crescent, minmay_rat_gold_closets
D:2:      nicolae_overflow_crystal_walls, first_bread, uniq_natasha
D:3:      lemuel_round_altar, serial_corexii_hall, corexii_hall_statues_u,
          corexii_hall_statues_x, corexii_hall_statues_x, lemuel_statue_altar,
          uniq_iyjb, uniq_sigmund, uniq_terence

Action                   |  1- 3 |  4- 6 || total
-------------------------+-------+-------++-------
Melee: Unarmed           |   121 |   133 ||   254
 Cast: Beastly Appendage |     5 |     9 ||    14
       Spider Form       |       |     1 ||     1
  Use: Scroll            |       |     5 ||     5
       Potion            |       |     3 ||     3
 Stab: Sleeping          |     4 |       ||     4
  Eat: Chunk             |     1 |     5 ||     6
